 Dungeon Sprint DCSS version 0.19.0-11-g3fc08b3 (webtiles) character file.

2587 equalderp2856 the Ripper (level 9, -15/45 HPs)
             Began as a Felid Fighter on Nov 8, 2016.
             Demolished by a seven-headed hydra (17 damage)
             ... in the Dungeon (Sprint IX: "|||||||||||||||||||||||||||||").
             The game lasted 00:05:40 (1803 turns).

equalderp2856 the Ripper (Felid Fighter)            Turns: 1803, Time: 00:05:40

Health: -15/45     AC:  4    Str: 18    XL:     9   Next: 32%
Magic:  10/10      EV: 30    Int: 11    God:
Gold:   21         SH:  0    Dex: 15    Spells: 0 memorised, 8 levels left
                                        Lives:  0   Deaths: 3

rFire  . . .     SeeInvis +       - Unarmed
rCold  . . .     Gourm    .     (armour unavailable)
rNeg   . . .     Faith    .     (shield unavailable)
rPois  .         Spirit   .     (helmet unavailable)
rElec  .         Reflect  .     (cloak unavailable)
rCorr  .         Harm     .     (gloves unavailable)
MR     +....     NoTele   +     (boots unavailable)
Stlth  +++++.....               (no amulet)
                                n - +3 ring of strength
                                m - +2 ring of protection

@: quick
A: no armour, no weapons or thrown items, stealth, claws 1, fangs 3, see
invisible, carnivore 3, speed 1, shaggy fur 2, slow metabolism 1, sharp paws
a: no special abilities


You were in the Dungeon.
You were not hungry.

You visited 1 branch You collected 21 gold pieces.

Inventory:

Jewellery
 m - a +2 ring of protection (left paw)
 n - a +3 ring of strength (right paw)
Wands
 l - a wand of iceblast (7/15)
Scrolls
 h - 4 scrolls of blinking
 j - 3 scrolls of remove curse
 k - 2 scrolls of amnesia
 q - a scroll of identify
 r - a scroll of fear
Potions
 a - a potion of might
 c - 3 potions of curing
 d - a potion of heal wounds
 e - 2 potions of haste
 f - 4 potions of magic
 g - a potion of berserk rage
 i - a potion of invisibility
 o - a potion of cure mutation
 p - a potion of agility
Comestibles
 b - a meat ration


   Skills:
 + Level 9.2 Fighting
 + Level 15.0 Dodging
 + Level 11.2 Stealth
 + Level 19.0 Unarmed Combat


You had 8 spell levels left.
You didn't know any spells.

Dungeon Overview and Level Annotations

Branches:
Dungeon (1/1)

Altars:
Cheibriados
Dithmenos
Elyvilon
Fedhas
Gozag
Hepliaklqana
Kikubaaqudgha
Makhleb
Nemelex Xobeh
Okawaru
Qazlal
Ru
Sif Muna
Trog
Uskayaw
Vehumet
Xom
Yredelemnul
Zin
The Shining One
Beogh
Jiyva
Lugonu


Innate Abilities, Weirdness & Mutations

You cannot wear armour.
You are incapable of wielding weapons or throwing items.
Your paws allow you to move quietly. (Stealth)
You have sharp claws.
You have razor-sharp teeth.
You have supernaturally acute eyesight. (SInv)
You are carnivorous and can eat meat at any time.
You cover ground quickly.
You are covered in thick fur. (AC +2)
You have a slow metabolism.
Your sharp claws are effective at attacking unaware monsters.


Message History

The seven-headed hydra closely misses you.
The seven-headed hydra misses you. x2
The seven-headed hydra completely misses you. x2
The seven-headed hydra misses you.
The seven-headed hydra barely misses you.
You claw the seven-headed hydra!
The seven-headed hydra is almost dead.
The seven-headed hydra bites you!
The seven-headed hydra bites you but does no damage.
The seven-headed hydra misses you. The seven-headed hydra bites you.
The seven-headed hydra bites you!
* * * LOW HITPOINT WARNING * * *
The seven-headed hydra barely misses you.
The seven-headed hydra completely misses you.
You feel better. The seven-headed hydra misses you.
The seven-headed hydra completely misses you.
The seven-headed hydra bites you!
* * * LOW HITPOINT WARNING * * *
The seven-headed hydra bites you!
You die...

▓▓▓▓▓▓▓
▓...▓<▓
▓.▓.▓.▓
▓†▓.▓.▓
▓.▓D▓.▓
▓.▓@▓÷▓
▓.▓.▓.▓
▓D▓.▓.▓
▓†▓.▓)▓
▓.▓.▓(▓
▓.▓.▓.▓
▓.▓.▓)▓
▓H▓.▓÷▓
▓.▓.▓.▓


You could see a seven-headed hydra.

Vanquished Creatures
  A centaur warrior (D)
  3 hydras (D)
  A hill giant (D)
  A gargoyle (D)
  5 spiny frogs (D)
  A rime drake (D)
  3 hippogriffs (D)
  A yak (D)
  A mottled dragon (D)
  A porcupine (D)
  A black bear (D)
  An eye of draining (D)
  An ogre (D)
  A centaur (D)
  A crocodile (D)
  A bullfrog (D)
  2 crimson imps (D)
  An iguana (D)
  An adder (D)
  A dart slug (D)
  A leopard gecko (D)
  An orc (D)
  A bat (D)
  A jackal (D)
  2 quokkas (D)
  2 rats (D)
37 creatures vanquished.

Notes
Turn   | Place    | Note
-------+----------+-------------------------------------------
     0 | D        | equalderp2856 the Felid Fighter began the quest for the Orb.
     0 | D        | Reached XP level 1. HP: 10/10 MP: 2/2
    24 | D        | Reached skill level 5 in Unarmed Combat
    72 | D        | Noticed a crimson imp
    72 | D        | Noticed a crimson imp
    74 | D        | Killed a crimson imp
    74 | D        | Reached skill level 5 in Dodging
    74 | D        | Reached skill level 1 in Stealth
    74 | D        | Reached skill level 6 in Unarmed Combat
    74 | D        | Reached XP level 2. HP: 15/15 MP: 3/3
    74 | D        | Reached XP level 3. HP: 18/18 MP: 4/4
   102 | D        | Reached skill level 7 in Unarmed Combat
   102 | D        | Reached XP level 4. HP: 14/22 MP: 5/5
   227 | D        | Found a roughly hewn altar of Beogh.
   227 | D        | Found a snail-covered altar of Cheibriados.
   227 | D        | Found a shadowy altar of Dithmenos.
   227 | D        | Found a white marble altar of Elyvilon.
   227 | D        | Found a blossoming altar of Fedhas.
   227 | D        | Found an opulent altar of Gozag.
   228 | D        | Found a hazy altar of Hepliaklqana.
   229 | D        | Found a viscous altar of Jiyva.
   230 | D        | Found an ancient bone altar of Kikubaaqudgha.
   231 | D        | Found a corrupted altar of Lugonu.
   232 | D        | Found a burning altar of Makhleb.
   233 | D        | Found a sparkling altar of Nemelex Xobeh.
   234 | D        | Found an iron altar of Okawaru.
   235 | D        | Found a stormy altar of Qazlal.
   236 | D        | Found a sacrificial altar of Ru.
   237 | D        | Found a deep blue altar of Sif Muna.
   238 | D        | Found a bloodstained altar of Trog.
   239 | D        | Found a hide-covered altar of Uskayaw.
   240 | D        | Found a radiant altar of Vehumet.
   241 | D        | Found a shimmering altar of Xom.
   242 | D        | Found a basalt altar of Yredelemnul.
   243 | D        | Found a glowing silver altar of Zin.
   244 | D        | Found a glowing golden altar of the Shining One.
   273 | D        | Noticed a gargoyle
   273 | D        | Noticed a centaur
   273 | D        | Noticed a hill giant
   273 | D        | Noticed an ogre
   273 | D        | Noticed an eye of draining
   279 | D        | Killed from afar by a gargoyle
   280 | D        | Reached XP level 3. HP: -5/19 MP: 4/4
   294 | D        | Killed a gargoyle
   294 | D        | Reached skill level 11 in Unarmed Combat
   294 | D        | Reached XP level 4. HP: 20/24 MP: 0/5
   294 | D        | Reached XP level 5. HP: 24/28 MP: 0/6
   294 | D        | Gained mutation: You are covered in thick fur. (AC +2) [Felid growth]
   294 | D        | Reached XP level 6. HP: 27/31 MP: 0/7
   360 | D        | HP: 1/31 [hill giant/giant club (29)]
   362 | D        | Killed a hill giant
   362 | D        | Reached skill level 13 in Unarmed Combat
   362 | D        | Reached XP level 7. HP: 1/36 MP: 5/8
   657 | D        | Reached skill level 5 in Stealth
   657 | D        | Reached XP level 8. HP: 40/40 MP: 9/9
   714 | D        | Noticed a centaur warrior
   724 | D        | Reached skill level 14 in Unarmed Combat
   732 | D        | Killed a centaur warrior
   732 | D        | Reached skill level 15 in Unarmed Combat
   739 | D        | Reached XP level 9. HP: 17/45 MP: 10/10
  1054 | D        | Noticed an eight-headed hydra
  1054 | D        | Noticed a spiny frog
  1054 | D        | Noticed a spiny frog
  1054 | D        | Noticed a spiny frog
  1055 | D        | Noticed a spiny frog
  1056 | D        | Killed an eight-headed hydra
  1056 | D        | Reached skill level 16 in Unarmed Combat
  1057 | D        | Noticed a five-headed hydra
  1064 | D        | Killed a spiny frog
  1069 | D        | Killed a five-headed hydra
  1069 | D        | Reached skill level 17 in Unarmed Combat
  1069 | D        | Reached XP level 10. HP: 39/49 MP: 11/11
  1073 | D        | Killed a spiny frog
  1077 | D        | Killed a spiny frog
  1082 | D        | Killed a spiny frog
  1082 | D        | Reached skill level 10 in Stealth
  1085 | D        | Reached skill level 18 in Unarmed Combat
  1198 | D        | Noticed a spiny frog
  1198 | D        | Noticed a five-headed hydra
  1206 | D        | Noticed a seven-headed hydra
  1490 | D        | HP: 1/49 [five-headed hydra (16)]
  1490 | D        | Slain by a five-headed hydra
  1491 | D        | Reached XP level 9. HP: -3/45 MP: 10/10
  1507 | D        | Killed a spiny frog
  1513 | D        | Slain by a five-headed hydra
  1514 | D        | Reached XP level 8. HP: -5/42 MP: 9/9
  1522 | D        | Killed a five-headed hydra
  1522 | D        | Reached XP level 9. HP: 7/45 MP: 10/10
  1530 | D        | Killed a rime drake
  1633 | D        | Reached skill level 15 in Dodging
  1633 | D        | Reached skill level 19 in Unarmed Combat
  1803 | D        | HP: 2/45 [seven-headed hydra (9)]
  1803 | D        | Demolished by a seven-headed hydra

Skill      XL: |  1  2  3  4  5  6  7  8  9 10 |
---------------+-------------------------------+-----
Unarmed Combat | 6 11 13 15 19 18 | 19.0
Fighting       | 4 6 7 8 9 |  9.2
Dodging        | 5 9 11 12 15 | 15.0
Stealth        | 1 3 4 5 11 9 10 | 11.2

Action                   |  1- 3 |  4- 6 |  7- 9 | 10-12 || total
-------------------------+-------+-------+-------+-------++-------
Melee: Unarmed           |    50 |    14 |    69 |    24 ||   157
       Bite              |     6 |     2 |     4 |     3 ||    15
       Punch             |       |     3 |     5 |     2 ||    10
  Use: Potion            |       |     1 |     5 |       ||     6
 Stab: Sleeping          |     1 |       |     1 |     2 ||     4
       Distracted        |       |       |     2 |       ||     2
  Eat: Chunk             |       |     2 |       |       ||     2
Armor: Skin              |       |       |     1 |     1 ||     2
Dodge: Dodged            |    36 |     9 |    78 |    18 ||   141
